AoeStats
← hightower_208

Arena

506702006Analyzed
2v2 RM · 18d ago on Sep 14, 2026· 16m 24s· 4 players
Game mode
Random Map
Map size
Medium (4 player)
Population
200
Speed
Normal
Resources
Standard
Victory
Conquest
Starting age
Dark Age
Ending age
Imperial Age
RankedLock teamsTeams togetherTeam positionsShared explorationLock speedFull tech treeHidden civsTurbo modeCheats
Victory
Defeat
🇩🇪 Vietnamese · Germany
1684
+10
🇩🇪 Berbers · Germany
1616
+14
🇨🇳 Britons · China
1586
-13
🇭🇰 Hindustanis · Hong Kong SAR China
1525
-11
hightower_208
10:48 Feudal Age
14:36 Castle Age
13:20 Horse Collar
13:59 Double-Bit Axe
14:53 Loom
Mjoelnir
10:54 Feudal Age
14:24 Castle Age
12:39 Double-Bit Axe
13:06 Horse Collar
hzos6240
10:54 Feudal Age
9:37 Loom
9:45 Loom
14:29 Castle Age
12:19 Double-Bit Axe
13:02 Horse Collar
mbxmm
10:57 Feudal Age
12:19 Wheelbarrow
11:30 Double-Bit Axe
15:41 Castle Age
13:55 Horse Collar
16:53 Bow Saw
Connection lost

Rejoining the realm…

Still unreachable

The connection could not be restored.

Session expired

The server has moved on; the page needs a fresh start.